AoeStats
← b1gFooot

Arabia

509997039Analyzed
1v1 RM · 2d ago on Sep 29, 2026· 47m 27s· 2 players
Game mode
Random Map
Map size
Tiny (2 player)
Population
200
Speed
Normal
Resources
Standard
Victory
Conquest
Starting age
Dark Age
Ending age
Imperial Age
RankedLock teamsTeams togetherTeam positionsShared explorationLock speedFull tech treeHidden civsTurbo modeCheats
Victory
Defeat
🇨🇦 Malay · Canada
1142
+16
🇲🇽 Saracens · Mexico
1147
-16
Jas
7:25 Loom
8:40 Loom
12:29 Feudal Age
17:19 Double-Bit Axe
17:23 Horse Collar
22:07 Castle Age
20:31 Gold Mining
21:34 Forging
28:24 Gold Shaft Mining
34:35 Wheelbarrow
35:07 Stone Mining
41:44 Fletching
44:48 Imperial Age
44:07 Stone Shaft Mining
b1gFooot
2:42 Loom
16:35 Feudal Age
17:00 Double-Bit Axe
17:51 Wheelbarrow
18:08 Town Watch
20:33 Gold Mining
23:23 Castle Age
21:44 Stone Mining
22:53 Fletching
22:56 Horse Collar
Connection lost

Rejoining the realm…

Still unreachable

The connection could not be restored.

Session expired

The server has moved on; the page needs a fresh start.